AoeStats
← Der Wieland

Arabia

504951927Analyzed
1v1 RM · 24d ago on Sep 7, 2026· 41m 58s· 2 players
Game mode
Random Map
Map size
Tiny (2 player)
Population
200
Speed
Normal
Resources
Standard
Victory
Conquest
Starting age
Dark Age
Ending age
Imperial Age
RankedLock teamsTeams togetherTeam positionsShared explorationLock speedFull tech treeHidden civsTurbo modeCheats
Victory
Defeat
🇩🇪 Portuguese · Germany
1151
+15
🇭🇺 Lithuanians · Hungary
1119
-15
DandaDeKonk
6:41 Loom
8:43 Feudal Age
9:17 Double-Bit Axe
16:42 Wheelbarrow
19:21 Castle Age
17:59 Forging
18:48 Scale Barding Armor
20:25 Bow Saw
20:29 Padded Archer Armor
20:19 Fletching
29:31 Hand Cart
29:21 Elite Skirmisher
31:08 Bloodlines
32:52 Horse Collar
34:18 Bodkin Arrow
36:41 Ballistics
41:47 Imperial Age
39:22 Heavy Plow
42:08 Iron Casting
41:49 Leather Archer Armor
41:55 Chain Barding Armor
Der Wieland
7:25 Loom
10:22 Feudal Age
11:42 Double-Bit Axe
12:48 Horse Collar
17:48 Fletching
20:22 Padded Archer Armor
27:09 Castle Age
26:49 Gold Mining
28:03 Thumb Ring
27:23 Crossbowman
28:05 Bodkin Arrow
30:33 Bow Saw
30:26 Heavy Plow
32:31 Wheelbarrow
35:12 Leather Archer Armor
38:50 Imperial Age
36:35 Hand Cart
38:34 Heated Shot
39:19 Arbalester
40:24 Conscription
40:26 Bracer
40:55 Ballistics
Connection lost

Rejoining the realm…

Still unreachable

The connection could not be restored.

Session expired

The server has moved on; the page needs a fresh start.